 Dungeon Crawl Stone Soup version 0.30.2 (webtiles) character file.

Game seed: 6379934939855657378

88 Ashen the Digger (level 4, -3/42 HPs)
             Began as an Ogre Earth Elementalist on Jan 26, 2024.
             Succumbed to a scorpion's poison
             ... on level 3 of the Dungeon.
             The game lasted 00:03:37 (2373 turns).

Ashen the Digger (Ogre Earth Elementalist)          Turns: 2373, Time: 00:03:37

Health: -3/42      AC:  3    Str: 12    XL:     4   Next: 53%
Magic:  2/8        EV: 10    Int: 18    God:
Gold:   120        SH:  0    Dex:  9    Spells: 3/9 levels left

rFire   . . .        d - +0 mace
rCold   . . .        (no shield)
rNeg    . . .        a - +0 robe
rPois   .            (helmet restricted)
rElec   .            (no cloak)
rCorr   .            (gloves unavailable)
SInv    .            (boots unavailable)
Will    .....        (no amulet)
Stlth   ++           (no ring)
HPRegen 0.27/turn    (no ring)
MPRegen 0.11/turn

%: no passive effects
@: lethally poisoned (-3 -> -12)
A: large, unfitting armour, tough skin 1
a: no special abilities


You were on level 3 of the Dungeon.
You visited 1 branch of the dungeon, and saw 3 of its levels.

You collected 120 gold pieces.

Inventory:

Hand Weapons
 d - a +0 mace (weapon)
Armour
 a - a +0 robe (worn)
Wands
 l - a wand of charming (5)
Scrolls
 e - 3 scrolls of blinking {unknown}
 f - 2 scrolls of teleportation {unknown}
 g - 4 scrolls of brand weapon {unknown}
 i - a scroll of fear {unknown}
 m - a scroll of fog {unknown}
 n - a scroll of magic mapping {unknown}
 q - 2 scrolls of amnesia {unknown}
Potions
 b - a potion of magic
 c - 3 potions of might {unknown}
 h - a potion of ambrosia {unknown}
 j - a potion of haste {unknown}
 k - a potion of flight {unknown}
 o - a potion of curing {unknown}
 p - a potion of invisibility {unknown}
 r - a potion of heal wounds {unknown}


   Skills:
 + Level 1.7 Fighting
 + Level 2.3 Dodging
 + Level 1.9 Stealth
 + Level 3.0 Spellcasting
 + Level 1.6 Transmutations
 + Level 3.1 Earth Magic


You had 3 spell levels left.
You knew the following spells:

 Your Spells              Type           Power      Damage    Failure   Level
a - Sandblast             Erth           28%        2d8       4%          1
b - Passwall              Tmut/Erth      9%         N/A       10%         2
c - Stone Arrow           Conj/Erth      16%        3d8       26%         3

Your spell library contained the following spells:

 Spells                   Type           Power      Damage    Failure   Level
 Apportation              Tloc           4%         N/A       16%         1
 Frozen Ramparts          Ice            4%         1d1       43%         3
 Ozocubu's Armour         Ice            2%         N/A       43%         3
 Petrify                  Tmut/Erth      11%        N/A       52%         4
 Ice Form                 Ice/Tmut       5%         N/A       75%         4
 Olgreb's Toxic Radiance  Pois           2%         N/A       85%         4
 Summon Ice Beast         Ice/Summ       2%         N/A       85%         4
 Alistair's Intoxication  Tmut/Pois      3%         N/A       97%         5
 Ozocubu's Refrigeration  Ice            1%         4d7       100%        7
 Discord                  Hex            1%         N/A       100%        8
 Ignition                 Fire           1%         3d3       100%        8


Dungeon Overview and Level Annotations

Branches:
Dungeon (3/15)

Altars:
Uskayaw

Annotations:
D:2 1 runed translucent door, Crazy Yiuf


Innate Abilities, Weirdness & Mutations

You are too large for most types of armour.
You have tough skin. (AC +1)


Message History

The scorpion is moderately wounded.
You feel very sick. The scorpion stings you. x2
Casting: Sandblast (safe; 4% risk of failure)
Confirm with . or Enter, or press ? or * to list all spells.
Aiming: Sandblast (safe; 4% risk of failure)
Press: ? - help, Shift-Dir - straight line, f/p - scorpion
Aim: a scorpion (moderately wounded, 82% to hit)
The blast of sand hits the scorpion.
The scorpion is heavily wounded.
You feel sick. The scorpion barely misses you.
Casting: Sandblast (safe; 4% risk of failure)
Confirm with . or Enter, or press ? or * to list all spells.
Aiming: Sandblast (safe; 4% risk of failure)
Press: ? - help, Shift-Dir - straight line, f/p - scorpion
Aim: a scorpion (heavily wounded, 82% to hit)
The blast of sand hits the scorpion but does no damage.
The scorpion is heavily wounded.
You feel sick. The scorpion stings you. x2
* * * LOW HITPOINT WARNING * * *
You are lethally poisoned!
The scorpion poisons you!
Your magical contamination has completely faded away.
Casting: Sandblast (safe; 4% risk of failure)
Confirm with . or Enter, or press ? or * to list all spells.
Aiming: Sandblast (safe; 4% risk of failure)
Press: ? - help, Shift-Dir - straight line, f/p - scorpion
Aim: a scorpion (heavily wounded, 82% to hit)
The blast of sand hits the scorpion.
The scorpion is heavily wounded.
* * * LOW HITPOINT WARNING * * *
You feel very sick. The scorpion stings you.
* * * LOW HITPOINT WARNING * * *
The scorpion stings you.
* * * LOW HITPOINT WARNING * * *
Unknown command.
You closely miss the scorpion.
The scorpion is heavily wounded.
You die...

.##### .#...#
...... #......
....... ##
....... ..# #..
####....# #.#
#.# ##.^@s...#
#.# #.#
##....#......
#.# #.# ##....##
..... #.#
#.####....##
....
#.####.#....#.##
.#.
#.#........####
# #.#.....#.##
<....#.####
....####


You could see a scorpion.

Vanquished Creatures
  An orc wizard (D:3)
  An adder (D:2)
  2 worms (D:2)
  A dart slug (D:3)
  3 orcs (D:3)
  5 ball pythons
  A bat (D:1)
  4 endoplasms
  5 goblins
  4 hobgoblins
  4 jackals (D:2)
  A quokka (D:2)
  A frilled lizard (D:2)
  5 kobolds
  3 rats (D:2)
41 creatures vanquished.

Notes
Turn   | Place    | Note
-------+----------+-------------------------------------------
     0 | D:1      | Ashen the Ogre Earth Elementalist began the quest for the
                  | Orb.
     0 | D:1      | Reached XP level 1. HP: 16/16 MP: 3/3
    46 | D:1      | Reached skill level 1 in Transmutations
   215 | D:1      | Reached XP level 2. HP: 26/26 MP: 2/5
   324 | D:1      | Learned a level 2 spell: Passwall
  1043 | D:2      | Reached skill level 1 in Fighting
  1069 | D:2      | Reached XP level 3. HP: 33/33 MP: 5/7
  1298 | D:2      | Found a hide-covered altar of Uskayaw.
  1554 | D:2      | Found a runed translucent door.
  1555 | D:2      | Noticed Crazy Yiuf
  1561 | D:2      | Learned a level 3 spell: Stone Arrow
  2243 | D:3      | Reached XP level 4. HP: 31/42 MP: 1/8
  2363 | D:3      | Noticed a scorpion
  2372 | D:3      | HP: 2/42 [scorpion (4)]
  2373 | D:3      | Succumbed to a scorpion's poison

Illustrated notes

Levels and vault maps discovered:
D:1:      dpeg_arrival_boxorama, layout_loops_ring
D:2:      layout_basic, basic_altar, minmay_tetromino_s4,
          uniq_crazy_yiuf_cottage
D:3:      layout_loops_ring, nicolae_figureground_pulse

Skill      XL: |  1  2  3 |
---------------+----------+-----
Transmutations | 1 |  1.6
Dodging        | 2 |  2.3
Fighting       | 1 |  1.7
Earth Magic    | 3 |  3.1
Spellcasting   | 3 |  3.0
Stealth        | |  1.9

Action                     |  1- 3 |  4- 6 || total
---------------------------+-------+-------++-------
  Melee: Mace              |    14 |    15 ||    29
   Cast: Sandblast         |    57 |     9 ||    66
   Stab: Sleeping          |     2 |       ||     2
 Armour: Robe              |    16 |     6 ||    22
  Dodge: Dodged            |    20 |     9 ||    29
